Map: Dusk Towers

Players

Miszu

  • Race: Terran Terran
  • League: Master

BeefITek - Winner!

  • Race: Terran Terran
  • League: Master

VOD

Have the link to the VOD?

Description

Time

  • Played on: March 15, 2016, 4:09 p.m.
  • Length: 4:38
Show
View Real Time Build Order
Export as new Build Order

Miszu Terran 

Build Orders:  

Get SALT Encoding   

  12  0:00  SCV  
  13  0:13  SCV  
  14  0:17  Supply Depot  
  14  0:25  SCV  
  15  0:39  SCV  
  15  0:40  Barracks  
  16  0:47  Refinery  
  16  0:51  SCV  
  17  1:03  SCV  
  18  1:16  SCV  
  19  1:29  Orbital Command  
  19  1:30  Barracks Reactor  
  19  1:42  Command Center  
  19  1:53  Supply Depot  
  19  1:55  SCV  
  21  2:08  SCV  
  21  2:11  Factory  
  21  2:12  Refinery  
  20  2:16  Marine  
  20  2:20  Marine, SCV  
  23  2:32  SCV  
  23  2:34  Marine  
  25  2:38  Marine  
  26  2:44  SCV  
  27  2:52  Marine  
  27  2:55  Marine  
  27  2:56  Starport, Factory Tech Lab  
  27  2:57  SCV  
  30  3:02  Orbital Command  
  30  3:10  Marine  
  30  3:11  SCV  
  32  3:13  Marine  
  33  3:23  SCV  
  34  3:28  SCV  
  31  3:34  Viking  
  37  3:36  SCV  
  37  3:38  Siege Tank  
  37  3:40  SCV  
  42  3:42  Supply Depot  
  42  3:48  SCV  
  43  3:51  Marine x2  
  43  3:53  SCV  
  45  4:00  SCV  
  45  4:09  Marine x2  
  46  4:31  Barracks  
  46  4:32  Barracks  
Show
View Real Time Build Order
Export as new Build Order

BeefITek Terran - Winner!

Build Orders: 1/1/1 

Get SALT Encoding   

  12  0:01  SCV  
  13  0:13  SCV  
  14  0:18  Supply Depot  
  14  0:25  SCV  
  15  0:30  Refinery  
  15  0:39  SCV  
  16  0:45  Barracks  
  16  0:51  SCV  
  17  1:03  SCV  
  18  1:06  Refinery  
  18  1:15  SCV  
  19  1:33  Marine  
  19  1:34  Factory, Orbital Command  
  20  1:50  Supply Depot  
  20  1:57  Barracks Reactor  
  20  2:02  SCV  
  21  2:15  SCV  
  21  2:19  Factory Tech Lab  
  21  2:22  Starport  
  21  2:23  Supply Depot  
  21  2:27  SCV  
  22  2:33  Marine x2  
  24  2:40  Siege Tank  
  27  2:44  SCV  
  28  2:52  Marine  
  28  2:53  Supply Depot  
  28  2:56  SCV  
  30  3:01  Medivac  
  32  3:07  Marine  
  32  3:10  Marine  
  34  3:15  SCV  
  35  3:20  Siege Tank  
  35  3:25  Marine  
  39  3:27  SCV  
  39  3:28  Marine  
  41  3:39  Medivac  
  43  3:42  SCV  
  43  3:43  Marine  
  43  3:45  Marine  
  46  3:55  SCV  
  45  4:19  SCV  
  47  4:37  Command Center  
Tags
 
Matchup
TvT
Opening
1/1/1
Race
Terran
Add a new tag
Caveats
  • Supply blocks, unpowered buildings, or Contaminate may cause inaccurate times.
  • Supply counts are checked every 10 seconds.